 Dungeon Sprint DCSS version 0.31-a0-868-g674d60d6f7 (webtiles) character file.

Game seed: 14221949149613706763

135 rocky1 the Ducker (level 5, -9/40 HPs)
             Began as a Djinni Gladiator on Oct 12, 2023.
             Mangled by a boulder beetle (22 damage)
             ... in the Dungeon (Sprint II: "The Violet Keep of Menkaure").
             The game lasted 00:01:01 (155 turns).

rocky1 the Ducker (Djinni Gladiator)                 Turns: 155, Time: 00:01:02

Health: -9/40      AC:  4    Str: 13    XL:     5   Next: 41%
Gold:   0          EV: 15    Int: 10    God:
                   SH:  0    Dex: 16

rFire   + + .        a - +0 long sword
rCold   x . .        (no shield)
rNeg    . . .        b - +0 leather armour
rPois   ∞            c - +0 helmet
rElec   .            (no cloak)
rCorr   .            (no gloves)
SInv    .            (boots unavailable)
Will    .....        (no amulet)
Stlth   +            (no ring)
HPRegen 0.26/turn    (no ring)
MPRegen 0.00/turn

%: no teleportation, infuse magic (-10 HP)
@: flying
A: sickness immunity, fire resistance 2, cold vulnerability 1, float, innate
caster, HP casting, extra vitality 1, no potion heal 1
a: no special abilities


You were in the Dungeon.
You visited 1 branch

Inventory:

Hand Weapons
 a - a +0 long sword (weapon)
Missiles
 d - 3 throwing nets (quivered)
 e - a javelin
Armour
 b - a +0 leather armour (worn)
 c - a +0 helmet (worn)
Scrolls
 j - a scroll of blinking
Potions
 f - a potion of curing
 g - a potion of heal wounds


   Skills:
 + Level 3.6 Fighting
 * Level 6.3 Long Blades
 - Level 2.9 Throwing
 + Level 7.6 Dodging
 + Level 0.0 Spellcasting
 + Level 0.0 Conjurations
 + Level 0.0 Hexes
   Level 0.0 Charms
 + Level 0.0 Summonings
 + Level 0.0 Necromancy
 + Level 0.0 Translocations
 + Level 0.0 Transmutations
 + Level 0.0 Fire Magic
 + Level 0.0 Ice Magic
 + Level 0.0 Air Magic
 + Level 0.0 Earth Magic
 + Level 0.0 Poison Magic


You knew the following spells:

 Your Spells              Type           Power      Damage    Failure   Level
a - Freeze                Ice            0%         1d3       43%         1
b - Wereblood             Tmut           0%         N/A       58%         2
Your spell library was empty.

Dungeon Overview and Level Annotations

Branches:
Dungeon (1/1)

Altars:


Innate Abilities, Weirdness & Mutations

You are immune to sickness and miasma.
You are immune to poison.
Your flesh is very heat resistant. (rF++)
You are vulnerable to cold. (rC-)
You float through the air rather than walking.
You learn spells naturally, not from books.
Your magical power is your life essence.
You have superior vitality. (+4 MHP)
Potions are less effective at restoring your health.


Message History

Spell assigned to 'a'.
You have reached level 4!
You feel clever.
You have reached level 5!
The power to cast Wereblood wells up from within.
Spell assigned to 'b'.
Unknown command.
You slam the door shut with a bang!
You start resting.
You feel a strong urge to attack something.
You start resting.
You are no longer berserk.
You are exhausted.
You feel yourself slow down.
You start resting.
You feel yourself speed up.
You start resting.
Your extra speed is starting to run out.
You start resting.
You feel yourself slow down.
You start waiting.
You recover from your berserk rage.
You start waiting.
Done waiting.
There is a staircase leading out of the dungeon here.
As you open the door, it creaks loudly! 2 boulder beetles come into view.
The boulder beetle leaps!
Found 243 gold pieces.
Okay, then.
You hit the boulder beetle but do no damage.
The boulder beetle bites you!!
Ouch! That really hurt!
You hit the boulder beetle but do no damage.
The boulder beetle bites you.
You slash the boulder beetle!
The boulder beetle is lightly wounded.
The boulder beetle bites you!!
Ouch! That really hurt!
You die...

# # ##. #+#
.#
#..$##.##.#
#B@<.+#
#..B##.###
##. #+# #


You could see 2 boulder beetles.

Vanquished Creatures
  A neqoxec (D)
1 creature vanquished.

Notes
Turn   | Place    | Note
-------+----------+-------------------------------------------
     0 | D        | rocky1 the Djinni Gladiator began the quest for the Orb.
     0 | D        | Reached XP level 1. HP: 18/18 MP: 0/0
     1 | D        | Noticed a neqoxec
     8 | D        | Gained mutation: Potions are less effective at restoring
                  | your health. [a neqoxec]
     9 | D        | Killed a neqoxec
    10 | D        | Reached skill level 7 in Dodging
    10 | D        | Reached XP level 2. HP: 25/25 MP: 0/0
    10 | D        | Reached XP level 3. HP: 30/30 MP: 0/0
    10 | D        | Learned a level 1 spell: Freeze
    10 | D        | Reached XP level 4. HP: 36/36 MP: 0/0
    10 | D        | Reached XP level 5. HP: 40/40 MP: 0/0
    10 | D        | Learned a level 2 spell: Wereblood
   152 | D        | Noticed a boulder beetle
   152 | D        | Noticed a boulder beetle
   155 | D        | Mangled by a boulder beetle

Illustrated notes

Levels and vault maps discovered:
D:        the_violet_keep_of_menkaure [sprint2_stairs_cluster_1,
          sprint2_shoproom, sprint2_temple, sprint2_basic_supplies,
          sprint2_obstacle_5, sprint2_obstacle_7, sprint2_obstacle_3,
          sprint2_obstacle_2, sprint2_obstacle_6, sprint2_timed_cluster_1,
          sprint2_smallroom_cluster_1, sprint2_smallroom_final_cluster_1,
          sprint2_transparent_cluster_1, sprint2_second_timed_cluster_1,
          sprint2_sniper_area_1, sprint2_heavy_combat_area_1,
          sprint2_mutation_trap_area_1, sprint2_forest_area_1,
          sprint2_light_combat_area_1, sprint2_behind_water_1,
          sprint2_near_end_vault_1]

Skill      XL: |  1 |
---------------+----+-----
Fighting       | 3 |  3.6
Long Blades    | 6 |  6.3
Throwing       | 2 |  2.9
Dodging        | 7 |  7.6

Action                     |  1- 3 |  4- 6 || total
---------------------------+-------+-------++-------
  Melee: Long sword        |     6 |     3 ||     9
    Use: Potion            |     2 |       ||     2
 Armour: Leather armour    |     3 |     3 ||     6
  Dodge: Dodged            |     1 |       ||     1

Table legend: (Time is in decaauts)
 A = Elapsed time spent in this place.
 B = Non-inter-level travel time spent in this place.
 C = Inter-level travel time spent in this place.
 D = Time resting spent in this place.
 E = Time spent auto-exploring this place.
 F = Levels seen in this place.
 G = Mean time per level.
                   A        B        C        D        E       F      G
               +--------+--------+--------+--------+--------+-----+--------+
         Total |    150 |    150 |      0 |    133 |      0 |   1 |  150.0 |
       Dungeon |    150 |    150 |      0 |    133 |      0 |   1 |  150.0 |
               +--------+--------+--------+--------+--------+-----+--------+

Top non-repeatable levels by time:
       D: 150 daAuts
